 Dungeon Crawl Stone Soup version 0.23.2-40-g277498a001 (webtiles) character file.

Game seed: 17759714227833674309

67 FishyPogo the Skirmisher (level 4, 0/40 HPs)
             Began as a Draconian Chaos Knight on Sept 29, 2019.
             Was a Plaything of Xom.
             Slain by an orc priest
             ... wielding a +0 dagger
              (2 damage)
             ... on level 2 of the Dungeon.
             The game lasted 00:02:37 (516 turns).

FishyPogo the Skirmisher (Draconian Chaos Knight)    Turns: 516, Time: 00:02:37

Health: 0/40       AC:  5    Str: 14    XL:     4   Next: 0%
Magic:  4/4        EV: 12    Int: 13    God:    Xom [..*...]
Gold:   61         SH:  0    Dex: 11    Spells: 3/3 levels left

rFire    + . .     SeeInvis .   a - +0 hand axe (chaos)
rCold    + . .     Gourm    .   (no shield)
rNeg     . . .     Faith    .   (armour unavailable)
rPois    +         Spirit   .   (helmet restricted)
rElec    +         Reflect  .   (no cloak)
rCorr    +         Harm     .   (no gloves)
MR       .....                  (no boots)
Stlth    +.........             (no amulet)
HPRegen  0.13/turn              (no ring)
MPRegen  0.09/turn              (no ring)

@: resistant
A: unfitting armour, cold-blooded, AC +5
a: Renounce Religion


You were on level 2 of the Dungeon.
You worshipped Xom.
You were a toy of Xom.
You were not hungry.

You visited 1 branch of the dungeon, and saw 2 of its levels.

You collected 61 gold pieces.

Inventory:

Hand Weapons
 a - a +0 hand axe of chaos (weapon)
Missiles
 c - 29 stones (quivered)
Scrolls
 e - 4 scrolls of fog {unknown}
 f - 2 scrolls of identify {unknown}
 g - a scroll of remove curse {unknown}
 h - 2 scrolls of teleportation {unknown}
Comestibles
 b - a ration
 d - 5 chunks of flesh


   Skills:
 * Level 4.2 Fighting
 + Level 3.4 Axes
 + Level 1.2 Throwing
 + Level 2.6 Dodging


You had 3 spell levels left.
You didn't know any spells.
Your spell library was empty.

Dungeon Overview and Level Annotations

Branches:
Dungeon (2/15)

Altars:


Innate Abilities, Weirdness & Mutations

Your plain brown scales are hard. (AC +5)
You cannot fit into any form of body armour.
You are cold-blooded and may be slowed by cold attacks.


Message History

Xom roars with laughter!
The orc priest hits you with a +0 dagger.
* * * LOW HITPOINT WARNING * * *
You hit the orc priest but do no damage.
You tail-slap the orc priest, but do no damage.
The orc priest is moderately wounded.
The orc priest misses you.
The orc priest looks braver for a moment.
You barely miss the orc priest.
The orc priest is moderately wounded.
The orc priest hits you but does no damage.
You hit the orc priest. You freeze the orc priest.
The orc priest is heavily wounded.
The orc priest hits you but does no damage.
You hit the orc priest but do no damage.
You smell something strange.
You tail-slap the orc priest.
The orc priest is severely wounded.
The orc priest hits you with a +0 dagger.
You die... "I guess I need a new plaything now."

.# #.# #.........#
### #.##..≈...≈...#
..#
##.#$..........#
#.# #..#⌠
...o..o..# ÷.# #..#
...o.o... #####..#
.≈.o.≈..# .......##
....o...#
....##..#########[#
....###.........@o#
^...# #############
....# ....# ....#
##### #


You could see an orc priest.

Vanquished Creatures
  An adder (D:2)
  A dart slug (D:1)
  A leopard gecko (D:1)
  4 orcs (D:2)
  3 goblins
  3 hobgoblins
  4 jackals (D:1)
  A bat (D:1)
  A frilled lizard (D:1)
  2 kobolds (D:1)
  3 rats (D:1)
24 creatures vanquished.

Vanquished Creatures (others)
  An orc priest (D:2)
1 creature vanquished.

Grand Total: 25 creatures vanquished

Notes
Turn   | Place    | Note
-------+----------+-------------------------------------------
     0 | D:1      | FishyPogo the Draconian Chaos Knight began the quest for
                  | the Orb.
     0 | D:1      | Reached XP level 1. HP: 19/19 MP: 1/1
     9 | D:1      | XOM: harmless Hex miscast
    14 | D:1      | XOM: harmless Ice miscast
   133 | D:1      | Reached XP level 2. HP: 24/26 MP: 2/2
   200 | D:1      | XOM: harmless Erth miscast
   452 | D:2      | Reached XP level 3. HP: 30/33 MP: 3/3
   490 | D:2      | Reached skill level 4 in Fighting
   495 | D:2      | Reached skill level 1 in Throwing
   503 | D:2      | Reached XP level 4. HP: 17/40 MP: 4/4
   512 | D:2      | HP: 2/40 [orc priest/+0 dagger (3)]
   516 | D:2      | Slain by an orc priest

Skill      XL: |  1  2  3 |
---------------+----------+-----
Fighting       | 4 |  4.2
Throwing       | 1 |  1.2
Axes           | |  3.4
Dodging        | |  2.6

Action                   |  1- 3 |  4- 6 || total
-------------------------+-------+-------++-------
Melee: Hand axe          |    55 |    11 ||    66
       Tailslap          |     4 |     4 ||     8
  Use: Potion            |     1 |     1 ||     2
 Stab: Paralysed         |     1 |       ||     1
Armor: Skin              |    15 |     3 ||    18
Dodge: Dodged            |    39 |     5 ||    44
